 Dungeon Crawl Stone Soup version 0.27.1-37-g7b29ead8ac (webtiles) character file.

Game seed: 17415814436673030324

5456 AarnesTheHuman the Transmogrifier (level 10, -4/76 HPs)
             Began as a Merfolk Transmuter on Aug 23, 2023.
             Was an Elder of Uskayaw.
             Slain by a two-headed ogre (26 damage)
             ... on level 10 of the Dungeon on Aug 24, 2023.
             The game lasted 00:45:54 (13981 turns).

AarnesTheHuman the Transmogrifier (MfTm)           Turns: 13981, Time: 00:45:55

Health: -4/76      AC:  7    Str: 11    XL:     10   Next: 68%
Magic:  20/20      EV: 18    Int: 22    God:    Uskayaw [****..]
Gold:   490        SH:  0    Dex: 14    Spells: 3/23 levels left

rFire    . . .     SeeInvis .     - Unarmed
rCold    . . .     Faith    .   (shield currently unavailable)
rNeg     . . .     Spirit   .   F - +2 robe {Archmagi}
rPois    .         Reflect  .   (no helmet)
rElec    .         Harm     .   m - scarf {shadows}
rCorr    .         Rampage  .   (gloves currently unavailable)
Will     .....     Archmagi +   x - +2 pair of boots
Stlth    ++........             g - amulet of magic regeneration
HPRegen  0.22/turn              o - +4 ring of evasion
MPRegen  0.42/turn              r - +6 ring of intelligence

@: blade hands, wereblooded
A: (nimble swimmer 2), mertail
a: End Transformation, Renounce Religion, Stomp, Line Pass


You were on level 10 of the Dungeon.
You worshipped Uskayaw.
Uskayaw was noncommittal.
You had blades for hands.
You visited 2 branches of the dungeon, and saw 11 of its levels.
You also visited: Sewer.

You collected 490 gold pieces.

Inventory:

Hand Weapons
 a - a +1 hunting sling of flaming
 b - a +1 dagger of draining
Missiles
 i - 255 stones (quivered)
 v - 39 poisoned darts
 w - 3 curare-tipped darts
 A - 57 sling bullets
Armour
 m - a scarf of shadows (worn)
 x - a +2 pair of boots (worn)
 y - a +2 pair of gloves (melded)
 C - a +1 ring mail of poison resistance
 F - a +2 robe of the Archmagi (worn)
Magical Staves
 K - a staff of earth
Jewellery
 g - an amulet of magic regeneration (around neck)
 l - a ring of fire
 o - a +4 ring of evasion (left blade hand)
 q - a +6 ring of strength
 r - a +6 ring of intelligence (right blade hand)
 G - a ring of magical power
Wands
 B - a wand of acid (16)
 E - a wand of flame (31)
Scrolls
 f - a scroll of teleportation
 n - 2 scrolls of amnesia {unknown}
 p - 2 scrolls of fear
 u - a scroll of enchant weapon
 D - a scroll of identify
 I - a scroll of fog
 L - a scroll of enchant armour
Potions
 c - 3 potions of curing
 d - 3 potions of magic
 e - 2 potions of heal wounds
 h - a potion of haste
 j - 2 potions of attraction
 k - 4 potions of might
 s - a potion of mutation {unknown}
 t - a potion of invisibility {unknown}
 z - a potion of resistance {unknown}
 H - a potion of ambrosia
 M - a potion of flight


   Skills:
 - Level 6.0 Fighting
 - Level 5.0 Dodging
 - Level 1.0 Stealth
 - Level 6.0 Unarmed Combat
 - Level 7.0 Spellcasting
 - Level 3.0 Conjurations
 + Level 12.8 Transmutations
 - Level 2.0 Ice Magic
 - Level 3.0 Poison Magic
 - Level 0.5 Invocations


You had 3 spell levels left.
You knew the following spells:

 Your Spells              Type           Power      Damage    Failure   Level
a - Beastly Appendage     Tmut           100%       N/A       5%          1
b - Wereblood             Tmut           77%        N/A       6%          2
c - Spider Form           Tmut/Pois      29%        N/A       16%         3
d - Blade Hands           Tmut           38%        N/A       17%         5
e - Ice Form              Ice/Tmut       57%        N/A       30%         4
f - Irradiate             Conj/Tmut      29%        3d23      43%         5

Your spell library contained the following spells:

 Spells                   Type           Power      Damage    Failure   Level
 Foxfire                  Conj/Fire      84%        2x1d8     30%         1
 Apportation              Tloc           22%        N/A       43%         1
 Ozocubu's Armour         Ice            24%        N/A       47%         3
 Slow                     Hex            11%        N/A       50%         2
 Conjure Flame            Conj/Fire      21%        6-21      52%         3
 Confusing Touch          Hex            11%        N/A       67%         3
 Inner Flame              Hex/Fire       11%        N/A       67%         3
 Yara's Violent Unravell  Hex/Tmut       26%        3d11      58%         5
 Dragon Form              Tmut           38%        N/A       78%         7
 Cause Fear               Hex            5%         N/A       93%         4
 Discord                  Hex            5%         N/A       100%        8


Dungeon Overview and Level Annotations

Branches:
Dungeon (10/15)            Temple (1/1) D:4           Sewer (visited)
   Lair: D:8-11         Orc: D:9-12

Altars:
Ashenzari
Cheibriados
Dithmenos
Elyvilon
Fedhas
Gozag
Hepliaklqana
Kikubaaqudgha
Makhleb
Nemelex Xobeh
Okawaru
Qazlal
Ru
Sif Muna
Trog
Uskayaw
Vehumet
Wu Jian
Xom
Yredelemnul
Zin
The Shining One
Beogh

Shops:
D:4 ?:   D:7 ?

Annotations:
D:3 3 runed translucent doors, exclusion: 3 doors, Delamore's ghost, amateur OpBr
D:4 Sigmund
D:5 exclusion: downstairs
D:6 1 runed translucent door, exclusions: 5 doors and 2 more exclusions, Crazy Yiuf
D:7 2 transporters, exclusion: downstairs, Efficiency's ghost, weakling DDDe


Innate Abilities, Weirdness & Mutations

You have blades for hands.
Your spellcasting is less reliable in this form.
You are incapable of wielding weapons or throwing items.
((You are quick and stealthy near water. (Stealth+, EV+, Speed+++)))
Your lower body shifts to a powerful aquatic tail in water.


Message History

You slash the yak!
The yak is moderately wounded.
The yak misses you.
You completely miss the yak.
The yak is moderately wounded.
The yak misses you.
You slice the yak!!
The yak is severely wounded.
The yak gores you.
Uskayaw will force your foes to helplessly watch your dance.
Uskayaw prepares the audience for your solo!
The helpless yak fails to defend itself.
You shred the yak!!!
You feel a bit better.
You kill the yak!
The two-headed ogre is no longer paralysed.
You hear a bellow! x5
The wight is no longer paralysed.
The two-headed ogre misses you. x2
Things that are here:
a yak corpse; a yak corpse You hit the two-headed ogre.
The two-headed ogre is lightly wounded.
The two-headed ogre hits you with a +0 giant spiked club!!
The two-headed ogre completely misses you.
You hear a bellow!
You slice the two-headed ogre!!
The two-headed ogre is heavily wounded.
The wight completely misses you.
The two-headed ogre closely misses you. x2
Uskayaw will force your foes to share their pain.
Uskayaw links your audience in an emotional bond!
You slash the two-headed ogre!
The two-headed ogre is severely wounded.
You hear a bellow!
The wight hits you with a +0 battleaxe!
You hear a bellow! x2
You hit the two-headed ogre.
The two-headed ogre is severely wounded.
The two-headed ogre hits you with a +0 giant spiked club!
* * * LOW HITPOINT WARNING * * *
The two-headed ogre hits you with a +0 giant club!!
You die...

###.#.........#.....
##...#.........#.....
....+.........'.....
#...#.........#.###.
#...#.........#.[...
#...####..#########.
#.# ##.## #. +#####
#z# ##..###### #.
...... #@# #.........
#.
......##O####.........
Y...Y.................
......#...........####
..O...#...........#
......#...........#
......#............#
......############.#
...... ..


You could see a two-headed ogre (pain bonded) and a wight (pain bonded).

Vanquished Creatures
  Pikel (D:6)
  2 trolls (D:9)
  A hornet (D:9)
  Prince Ribbit (D:6)
  3 yaks (D:10)
  A vampire (D:10)
  Eustachio (D:4)
  A ynoxinul (D:9)
  2 steam dragons
  2 water moccasins
  Duvessa (D:6)
  4 orc warriors
  A sky beast (D:8)
  2 ogres
  8 centaurs
  3 lemures (D:6)
  A kobold brigand (D:7)
  2 bullfrogs (D:6)
  A gnoll sergeant (D:8)
  A scorpion (D:5)
  Dowan (D:6)
  A water moccasin skeleton (D:6)
  3 howler monkeys
  A hound (D:7)
  2 orc priests
  A bullfrog zombie (D:7)
  3 jellies
  A centaur skeleton (D:7)
  A gnoll shaman (D:7)
  6 iguanas
  Ijyb (D:5)
  5 orc wizards
  A hound skeleton (D:4)
  10 gnolls
  12 adders
  2 howler monkey skeletons
  A river rat (Sewer)
  2 shadow imps
  2 white imps
  2 ufetubi
  An adder skeleton (D:4)
  2 worms (D:2)
  4 dart slugs
  26 orcs
  5 ball pythons
  3 bat zombies (D:7)
  10 endoplasms
  5 giant cockroaches
  4 goblins
  3 hobgoblins
  10 kobolds
  A quokka (D:2)
  5 bats
  12 frilled lizards
  13 rats
  A rat zombie (D:7)
  A spectral kobold (D:7)
203 creatures vanquished.

Notes
Turn   | Place    | Note
-------+----------+-------------------------------------------
     0 | D:1      | AarnesTheHuman the Merfolk Transmuter began the quest for
                  | the Orb.
     0 | D:1      | Reached XP level 1. HP: 15/15 MP: 3/3
    67 | D:1      | Reached skill level 3 in Transmutations
   187 | D:1      | Found a faded altar of an unknown god.
   196 | D:1      | Reached XP level 2. HP: 21/21 MP: 3/5
   882 | D:1      | Reached XP level 3. HP: 21/24 MP: 6/6
   892 | D:1      | Learned a level 2 spell: Wereblood
   896 | D:1      | Learned a level 3 spell: Spider Form
  1244 | D:2      | Reached skill level 4 in Transmutations
  1746 | D:2      | Reached skill level 1 in Poison Magic
  2405 | D:1      | Reached XP level 4. HP: 9/32 MP: 7/7
  3202 | D:2      | Reached XP level 5. HP: 17/37 MP: 6/8
  4115 | D:2      | Reached skill level 5 in Unarmed Combat
  4544 | D:3      | Found a runed translucent gate.
  4544 | D:3      | Found a runed translucent gate.
  4546 | D:3      | Found a runed translucent gate.
  4547 | D:3      | Noticed Delamore's ghost (amateur OpBr)
  4548 | D:3      | Identified the +6 short sword of Fedhas's Approval
                  | {antimagic, rPois Will+ Int+2}
  4645 | D:3      | Found a shadowy altar of Dithmenos.
  4814 | D:3      | Found a glowing drain.
  4827 | Sewer    | Entered a sewer
  5078 | Sewer    | Reached XP level 6. HP: 43/47 MP: 9/9
  5162 | Sewer    | Reached skill level 1 in Stealth
  6674 | D:4      | Found Lydithroe's Book Shoppe.
  6714 | D:4      | Noticed Eustachio
  6721 | D:4      | Found a staircase to the Ecumenical Temple.
  6728 | D:4      | Killed Eustachio
  6729 | D:4      | Reached XP level 7. HP: 52/52 MP: 10/12
  6738 | Temple   | Entered the Ecumenical Temple
  6853 | Temple   | Became a worshipper of Uskayaw the Reveller
  6963 | D:4      | Found a broken altar of Ashenzari.
  7072 | D:4      | Reached * piety under Uskayaw
  7137 | D:4      | Found Axzeciqi's Magic Scroll Boutique.
  7171 | D:4      | Found a white marble altar of Elyvilon.
  7172 | D:4      | Noticed Sigmund
  7215 | D:5      | Entered Level 5 of the Dungeon
  7255 | D:5      | Reached ** piety under Uskayaw
  7258 | D:5      | Reached *** piety under Uskayaw
  7261 | D:5      | Reached **** piety under Uskayaw
  7501 | D:5      | Reached skill level 5 in Dodging
  7672 | D:5      | Reached skill level 5 in Transmutations
  7675 | D:5      | Noticed Ijyb
  7678 | D:4      | HP: 2/54 [poisoned by a scorpion]
  7699 | D:4      | Found a glowing silver altar of Zin.
  7872 | D:4      | Found a glowing golden altar of the Shining One.
  8028 | D:5      | Killed Ijyb
  8029 | D:5      | Reached XP level 8. HP: 60/60 MP: 14/14
  8541 | D:6      | Reached skill level 6 in Transmutations
  8632 | D:6      | Noticed Prince Ribbit
  8640 | D:6      | Noticed Dowan
  8648 | D:6      | Killed Prince Ribbit
  8801 | D:6      | Noticed Duvessa
  8936 | D:6      | Killed Dowan
  8937 | D:6      | Reached skill level 5 in Spellcasting
  8937 | D:6      | Reached skill level 7 in Transmutations
  8977 | D:6      | Killed Duvessa
  9509 | D:6      | Learned a level 5 spell: Blade Hands
  9583 | D:6      | Noticed Pikel
  9606 | D:6      | Killed Pikel
  9607 | D:6      | Reached skill level 5 in Fighting
  9607 | D:6      | Reached skill level 8 in Transmutations
  9607 | D:6      | Reached XP level 9. HP: 52/68 MP: 17/17
  9662 | D:5      | Learned a level 4 spell: Ice Form
  9864 | D:6      | Reached skill level 9 in Transmutations
 10110 | D:6      | Reached skill level 1 in Ice Magic
 10338 | D:6      | Found a runed translucent door.
 10339 | D:6      | Noticed Crazy Yiuf
 10461 | D:7      | Found a radiant altar of Vehumet.
 10506 | D:7      | Noticed Efficiency's ghost (weakling DDDe)
 10508 | D:7      | Noticed a moth of wrath
 10515 | D:7      | Noticed a two-headed ogre
 10521 | D:7      | Found a transporter.
 10808 | D:7      | Found Dalud's General Store.
 10940 | D:7      | Reached skill level 10 in Transmutations
 11156 | D:7      | Found an ancient bone altar of Kikubaaqudgha.
 11291 | D:7      | Reached skill level 11 in Transmutations
 11296 | D:7      | Found Piloil's Magic Scroll Boutique.
 11457 | D:7      | Found a transporter.
 11564 | D:7      | Found a hazy altar of Hepliaklqana.
 11788 | D:8      | Learned a level 5 spell: Irradiate
 11980 | D:8      | Reached XP level 10. HP: 65/76 MP: 14/19
 12314 | D:8      | Found a sacrificial altar of Ru.
 12411 | D:9      | Reached skill level 1 in Conjurations
 12451 | D:9      | Found a bloodstained altar of Trog.
 12461 | D:9      | Found a shimmering blue altar of Sif Muna.
 12478 | D:9      | Got Sif Muna's Papyrus of the Spatial Frostbite
 12500 | D:9      | Found an opulent altar of Gozag.
 13332 | D:10     | Entered Level 10 of the Dungeon
 13606 | D:10     | Reached skill level 12 in Transmutations
 13963 | D:10     | Noticed a two-headed ogre
 13981 | D:10     | Slain by a two-headed ogre

Illustrated notes

Levels and vault maps discovered:
D:1:      minmay_arrival_five_plusses, layout_basic,
          ebering_ecumenical_altar_hall
D:2:      layout_loops_ring, hex_tiny
D:3:      layout_loops_ring, mainiacjoe_overflow_concentric_impassable,
          biasface_ghost_orc_armoury, portal_sewer_entry_a
D:4:      layout_basic, mainiacjoe_overflow_catwalk_spiral, ashenzari_altar_1,
          mainiacjoe_overflow_small_starburst, minmay_temple_entry_slanted,
          serial_shops, kennysheep_little_box, nicolae_shop_crystal, shop,
          nicolae_stop_n_shop_2, nicolae_lakefront_shop, uniq_eustachio,
          uniq_sigmund
D:5:      layout_rooms, uniq_ijyb
D:6:      layout_loops_cross, kennysheep_cross_room, uniq_pikel,
          uniq_crazy_yiuf_cottage, uniq_duvessa, uniq_prince_ribbit1
D:7:      layout_loops_ring, nicolae_vehumet_radiance,
          lemuel_zombie_altar_kikubaaqudgha,
          nicolae_hepliaklqana_monster_ancestors,
          gammafunk_ghost_wrathful_warriors, serial_shops,
          nicolae_stop_n_shop_1, shop
D:8:      layout_basic, kennysheep_mini_moat
D:9:      layout_loops_ring, nzn_overflow_gifts_of_might_and_magic,
          nicolae_gozag_seed_capital, minivault_16
D:10:     layout_basic, orc_0_dummy
Temple:   eino_wide_crystal_templ

Skill      XL: |  1  2  3  4  5  6  7  8  9 10 |
---------------+-------------------------------+-----
Transmutations | 3 4 5 8 11 12 | 12.8
Unarmed Combat | 4 5 6 |  6.0
Poison Magic   | 1 2 3 |  3.0
Fighting       | 3 4 5 6 |  6.0
Stealth        | 1 |  1.0
Dodging        | 4 5 |  5.0
Spellcasting   | 3 4 5 6 7 |  7.0
Ice Magic      | 2 |  2.0
Conjurations   | 3 |  3.0
Invocations    | |  0.5

Action                   |  1- 3 |  4- 6 |  7- 9 | 10-12 || total
-------------------------+-------+-------+-------+-------++-------
Melee: Unarmed           |    96 |   237 |   315 |    76 ||   724
       Headbutt          |    10 |    30 |    16 |       ||    56
       Punch             |     1 |     3 |     1 |     3 ||     8
       Tailslap          |       |     5 |       |       ||     5
 Fire: Hunting sling     |       |       |     2 |       ||     2
Throw: Stone             |       |     5 |     2 |       ||     7
 Cast: Beastly Appendage |    23 |    42 |    11 |       ||    76
       Wereblood         |     1 |    23 |    30 |     8 ||    62
       Spider Form       |       |     3 |    13 |       ||    16
       Blade Hands       |       |       |    17 |     9 ||    26
       Ice Form          |       |       |     3 |       ||     3
Invok: Stomp             |       |       |     1 |       ||     1
Evoke: Wand              |       |       |     1 |     3 ||     4
  Use: Scroll            |       |     9 |     5 |     6 ||    20
       Potion            |       |     3 |     1 |       ||     4
 Stab: Sleeping          |     2 |     1 |       |       ||     3
       Paralysed         |       |       |     6 |     4 ||    10
Armor: Robe              |    22 |    26 |    12 |    13 ||    73
       Leather armour    |       |       |     7 |       ||     7
       Skin              |       |       |     4 |       ||     4
Dodge: Dodged            |    69 |   144 |   277 |    75 ||   565
